General information
- name: BNet
- type: Ladder team game (AT/RT)
- host: Battle.net
- saver: UnrollingStone
map: Mur'gulOasis
- players: 8
- length: 35:39
- speed: Fast
- version: 1.27 W3XP
- replay type: Public
» download(134 KB)
Players
team 1 (loser)
UnholydreadlorD (
teal | 77 APM | 2747 actions | 35:38)
5 Crypt Lord
2 Carrion Beetles
3 Spiked Carapace
1 Lich
1 Frost Nova
3 Goblin Tinker
1 Engineering Upgrade
1 Cluster Rockets
1 Robo-Goblin
1 Blademaster
1 Wind Walk
2 Death Knight
1 Death Coil
1 Unholy Aura
» actions
| Assign group hotkey | 44 | |
| Basic commands | 511 | |
| Build / train | 136 | |
| Enter build submenu | 32 | |
| Enter hero's abilities submenu | 12 | |
| Right click | 734 | |
| Select / deselect | 385 | |
| Select group hotkey | 737 | |
| Use ability | 156 | |
2747 total
» units
| Acolyte | 4 | |
| Ghoul | 7 | |
| Crypt Fiend | 17 | |
| Necromancer | 4 | |
| Meatwagon | 6 | |
| Grunt | 10 | |
| Raider | 8 | |
| Peon | 5 | |
| Obsidian Statue | 3 | |
| Wind Rider | 9 | |
73 total
» upgrades
| Creature Attack | 2 | |
| Creature Carapace | 1 | |
| Necromancer Training | 2 | |
| Skeletal Longevity | 1 | |
| Exhume Corpses | 1 | |
| Skeletal Mastery | 1 | |
| Disease Cloud | 1 | |
| Unholy Strength | 2 | |
| Unholy Armor | 1 | |
| Ghoul Frenzy | 1 | |
| Web | 1 | |
| Cannibalize | 1 | |
| Pillage | 1 | |
16 total
» buildings
| Crypt | 2 | |
| Graveyard | 1 | |
| Ziggurat | 10 | |
| Altar of Darkness | 1 | |
| Halls of the Dead | 5 | |
| Nerubian Tower | 2 | |
| Temple of the Damned | 2 | |
| Slaughterhouse | 3 | |
| Black Citadel | 6 | |
| Spirit Tower | 3 | |
| Watch Tower | 4 | |
| Scout Tower | 10 | |
| Tomb of Relics | 1 | |
| Beastiary | 1 | |
| Arcane Tower | 1 | |
| Orc Burrow | 3 | |
55 total
» build order
00:06 Crypt
00:12 Graveyard
00:43 Ziggurat
00:57 Altar of Darkness
02:11 Halls of the Dead
02:11 Halls of the Dead
02:27 Nerubian Tower
02:27 Nerubian Tower
03:11 Ziggurat
03:14 Ziggurat
03:15 Ziggurat
04:27 Halls of the Dead
04:28 Halls of the Dead
04:51 Temple of the Damned
04:55 Temple of the Damned
04:58 Slaughterhouse
04:59 Slaughterhouse
05:33 Ziggurat
05:34 Ziggurat
06:10 Black Citadel
06:10 Black Citadel
06:11 Black Citadel
06:32 Crypt
09:54 Black Citadel
09:54 Black Citadel
10:29 Spirit Tower
10:31 Spirit Tower
12:03 Spirit Tower
12:17 Watch Tower
12:17 Watch Tower
12:18 Watch Tower
12:18 Watch Tower
12:20 Scout Tower
12:20 Scout Tower
12:21 Scout Tower
12:21 Scout Tower
12:21 Scout Tower
12:21 Scout Tower
12:22 Scout Tower
12:22 Scout Tower
12:53 Ziggurat
12:53 Ziggurat
12:54 Ziggurat
12:54 Ziggurat
15:42 Tomb of Relics
15:43 Slaughterhouse
19:35 Beastiary
22:15 Arcane Tower
30:31 Scout Tower
30:32 Orc Burrow
30:33 Orc Burrow
30:34 Orc Burrow
Rocketzzzzzzzzz (
red | 50 APM | 461 actions | 09:12)
3 Goblin Tinker
2 Cluster Rockets
1 Engineering Upgrade
1 Paladin
1 Holy Light
1 Lich
1 Frost Armor
1 Death Knight
1 Unholy Aura
» actions
| Assign group hotkey | 13 | |
| Basic commands | 59 | |
| Build / train | 39 | |
| Enter build submenu | 14 | |
| Enter hero's abilities submenu | 6 | |
| Give item / drop item | 1 | |
| Right click | 74 | |
| Select / deselect | 94 | |
| Select group hotkey | 114 | |
| Use ability | 47 | |
461 total
» units
| Peasant | 10 | |
| Footman | 8 | |
| Makrura Snapper | 1 | |
19 total
» buildings
| Lumber Mill | 1 | |
| Farm | 10 | |
| Altar of Kings | 1 | |
| Barracks | 1 | |
| Arcane Vault | 1 | |
| Scout Tower | 1 | |
| Arcane Tower | 1 | |
| Keep | 1 | |
| Castle | 1 | |
18 total
» build order
00:08 Lumber Mill
00:50 Farm
01:04 Altar of Kings
01:20 Barracks
01:23 Farm
01:35 Arcane Vault
01:42 Scout Tower
02:00 Farm
02:12 Arcane Tower
02:33 Farm
02:39 Farm
04:21 Keep
06:25 Farm
06:26 Farm
06:28 Farm
06:29 Farm
07:18 Castle
» items
| Scroll of Regeneration | 4 | |
| Lesser Clarity Potion | 4 | |
| Scroll of Town Portal | 1 | |
9 total
rockstone (
pink | 54 APM | 508 actions | 09:20)
3 Blademaster
2 Critical Strike
1 Wind Walk
1 Death Knight
1 Death Pact
» actions
| Assign group hotkey | 7 | |
| Build / train | 18 | |
| ESC pressed | 1 | |
| Enter build submenu | 11 | |
| Enter hero's abilities submenu | 4 | |
| Give item / drop item | 3 | |
| Right click | 229 | |
| Select / deselect | 160 | |
| Select group hotkey | 49 | |
| Use ability | 26 | |
508 total
» units
» buildings
| Altar of Storms | 1 | |
| Orc Burrow | 6 | |
| Barracks | 1 | |
| Voodoo Lounge | 1 | |
| War Mill | 1 | |
| Stronghold | 1 | |
| Beastiary | 1 | |
12 total
» build order
00:13 Altar of Storms
00:16 Orc Burrow
00:42 Barracks
01:06 Voodoo Lounge
01:59 Orc Burrow
03:24 War Mill
06:17 Stronghold
07:09 Orc Burrow
07:28 Orc Burrow
07:42 Orc Burrow
08:32 Orc Burrow
08:45 Beastiary
» items
| Healing Salve | 2 | |
| Scroll of Speed | 1 | |
3 total
boomboomx (
blue | 51 APM | 193 actions | 03:47)
1 Death Knight
1 Death Coil
» actions
| Assign group hotkey | 16 | |
| Basic commands | 4 | |
| Build / train | 11 | |
| ESC pressed | 2 | |
| Enter build submenu | 9 | |
| Enter hero's abilities submenu | 1 | |
| Right click | 32 | |
| Select / deselect | 47 | |
| Select group hotkey | 61 | |
| Use ability | 10 | |
193 total
» units
| Acolyte | 2 | |
| Ghoul | 1 | |
| Crypt Fiend | 4 | |
7 total
» buildings
| Graveyard | 1 | |
| Crypt | 1 | |
| Ziggurat | 2 | |
| Altar of Darkness | 1 | |
| Tomb of Relics | 1 | |
| Nerubian Tower | 1 | |
7 total
» build order
00:15 Graveyard
00:21 Crypt
00:44 Ziggurat
00:57 Altar of Darkness
01:45 Ziggurat
02:06 Tomb of Relics
02:36 Nerubian Tower
» items
team 2 (winner)

»
GoldenJet (
green | 36 APM | 547 actions | 15:21)
4 Death Knight
2 Death Coil
2 Unholy Aura
1 Lich
1 Frost Nova
» actions
| Basic commands | 1 | |
| Build / train | 36 | |
| Enter build submenu | 13 | |
| Enter hero's abilities submenu | 5 | |
| Give item / drop item | 1 | |
| Right click | 251 | |
| Select / deselect | 189 | |
| Use ability | 51 | |
547 total
» units
| Acolyte | 2 | |
| Ghoul | 3 | |
| Crypt Fiend | 9 | |
14 total
» upgrades
» buildings
| Crypt | 1 | |
| Altar of Darkness | 1 | |
| Graveyard | 1 | |
| Ziggurat | 5 | |
| Tomb of Relics | 1 | |
| Nerubian Tower | 3 | |
| Halls of the Dead | 1 | |
| Spirit Tower | 2 | |
| Sacrificial Pit | 1 | |
| Black Citadel | 1 | |
| Boneyard | 2 | |
19 total
» build order
00:33 Crypt
00:39 Altar of Darkness
00:43 Graveyard
00:58 Ziggurat
01:14 Ziggurat
01:31 Tomb of Relics
02:43 Nerubian Tower
02:44 Nerubian Tower
03:37 Ziggurat
04:09 Halls of the Dead
05:52 Ziggurat
06:22 Spirit Tower
06:24 Spirit Tower
06:46 Sacrificial Pit
06:51 Ziggurat
08:19 Black Citadel
08:23 Nerubian Tower
11:34 Boneyard
12:18 Boneyard
» items
| Rod of Necromancy | 2 | |
| Potion of Healing | 1 | |
| Orb of Corruption | 1 | |
| Scroll of Town Portal | 1 | |
| Scroll of Healing | 1 | |
6 total

»
thehordling (
purple | 41 APM | 634 actions | 15:18)
5 Mountain King
3 Storm Bolt
2 Bash
3 Archmage
2 Blizzard
1 Brilliance Aura
» actions
| Assign group hotkey | 2 | |
| Basic commands | 26 | |
| Build / train | 57 | |
| Enter build submenu | 17 | |
| Enter hero's abilities submenu | 8 | |
| Give item / drop item | 5 | |
| Right click | 214 | |
| Select / deselect | 266 | |
| Use ability | 39 | |
634 total
» units
| Peasant | 12 | |
| Footman | 8 | |
| Rifleman | 8 | |
| Mortar Team | 8 | |
36 total
» upgrades
| Long Rifles | 1 | |
| Gunpowder | 1 | |
| Armor | 1 | |
| Fragmentation Shards | 1 | |
4 total
» buildings
| Altar of Kings | 1 | |
| Barracks | 1 | |
| Farm | 9 | |
| Keep | 1 | |
| Blacksmith | 1 | |
| Arcane Vault | 1 | |
| Lumber Mill | 1 | |
| Workshop | 1 | |
| Town Hall | 1 | |
| Castle | 1 | |
18 total
» build order
00:07 Altar of Kings
00:23 Barracks
00:36 Farm
01:06 Farm
01:56 Farm
02:37 Keep
03:05 Blacksmith
03:36 Farm
03:53 Farm
04:07 Arcane Vault
04:46 Lumber Mill
05:21 Farm
06:03 Workshop
07:15 Farm
07:35 Town Hall
08:57 Farm
08:57 Farm
09:50 Castle
» items

»
playboy_mansion (
yellow | 50 APM | 1009 actions | 19:58)
3 Demon Hunter
1 Evasion
2 Mana Burn
1 Keeper of the Grove
1 Entangling Roots
» actions
| Assign group hotkey | 20 | |
| Build / train | 53 | |
| Enter build submenu | 22 | |
| Enter hero's abilities submenu | 4 | |
| Right click | 434 | |
| Select / deselect | 224 | |
| Select group hotkey | 205 | |
| Use ability | 47 | |
1009 total
» units
| Wisp | 13 | |
| Archer | 10 | |
| Dryad | 4 | |
| Mortar Team | 3 | |
| Knight | 2 | |
| Peasant | 3 | |
| Gryphon Rider | 2 | |
37 total
» upgrades
| Strength of the Moon | 2 | |
| Masonry | 1 | |
3 total
» buildings
| Altar of Elders | 1 | |
| Moon Well | 5 | |
| Ancient of War | 1 | |
| Tree of Ages | 1 | |
| Hunter's Hall | 1 | |
| Ancient of Lore | 2 | |
| Tree of Eternity | 1 | |
| Ancient Protector | 2 | |
| Ancient of Wonders | 1 | |
| Scout Tower | 6 | |
| Gryphon Aviary | 2 | |
| Guard Tower | 3 | |
| Cannon Tower | 2 | |
28 total
» build order
00:09 Altar of Elders
00:20 Moon Well
00:33 Ancient of War
01:34 Moon Well
02:27 Moon Well
03:42 Tree of Ages
04:11 Moon Well
04:23 Hunter's Hall
05:18 Moon Well
06:35 Ancient of Lore
07:03 Tree of Eternity
07:38 Ancient Protector
07:52 Ancient Protector
08:24 Ancient of Wonders
09:02 Ancient of Lore
15:39 Scout Tower
15:43 Scout Tower
15:54 Scout Tower
16:04 Gryphon Aviary
16:07 Gryphon Aviary
16:12 Scout Tower
16:13 Guard Tower
16:16 Scout Tower
16:29 Cannon Tower
16:48 Cannon Tower
16:52 Guard Tower
16:57 Scout Tower
17:27 Guard Tower
UnrollingStone (
orange | 10 APM | 349 actions | 35:39)
» actions
| Basic commands | 10 | |
| Build / train | 8 | |
| Enter build submenu | 12 | |
| Right click | 212 | |
| Select / deselect | 92 | |
| Use ability | 15 | |
349 total
» units
» buildings
| Town Hall | 4 | |
| Necropolis | 3 | |
| Scout Tower | 1 | |
8 total
» build order
15:59 Town Hall
18:33 Necropolis
20:10 Town Hall
21:08 Necropolis
26:00 Necropolis
28:42 Town Hall
28:46 Town Hall
32:20 Scout Tower
Chat log
(00:11 / Allies) GoldenJet: everyone get towers
(00:22 / Allies) GoldenJet: UD might be going fast gargs
(06:36 / Allies) GoldenJet: lets hit red
(06:52 / Allies) thehordling: shop then ok
(07:07 / Allies) GoldenJet: gold?
(07:15 / Allies) GoldenJet: hit burrows
(08:10 / Allies) GoldenJet: get a tp yellow
(09:13 / All) UnrollingStone: NOW U WANNA BE FREE, SO IM LETTING U FLY
(09:21 / All) UnrollingStone: CUZ I KNOW I N MY HEART BABE OUR LOVE WILL NEVER DIE
(09:36 / All) UnrollingStone: BOY DONT U KNOW U CANT ESCAPE ME OOO DARLIN CUZ ULL ALWAYS BE MY BABY
(10:51 / Allies) GoldenJet: tp teal
(11:03 / Allies) GoldenJet: i mean purple tp
(12:56 / Allies) playboy_mansion: tp
(13:18 / Allies) playboy_mansion: repair
(13:35 / Allies) playboy_mansion: back up
(14:03 / Allies) playboy_mansion: b to towers
(14:44 / Allies) playboy_mansion: sum1 expo
(15:15 / Allies) thehordling: so was it 2v4 or?
(15:50 / All) UnrollingStone: well done, teal. Your allies each had a buttocks for a heart, but you held steadfast
(16:45 / All) UnrollingStone: This team effed up when they didn't tp to yellow straight away
(17:04 / All) playboy_mansion: why tf are u here rolling fuck
(17:15 / All) UnrollingStone: Who are you talking to?
(17:19 / All) UnrollingStone: I'm UNROLLING
(17:23 / All) playboy_mansion: u motherucker
(17:25 / All) UnrollingStone: don't you ever call me rolling
(19:46 / All) playboy_mansion: rolling stone afk but watches the game. get a fucking life
(26:19 / All) UnholydreadlorD: dude please leave
(26:51 / All) UnrollingStone: why
(32:35 / All) UnrollingStone: gg
(32:50 / All) UnrollingStone: only kidding of course
(33:01 / All) UnholydreadlorD: goddamn, you must be a hit with the ladies
(33:13 / All) UnrollingStone: I do well with the milfs, ask your mom